 Dungeon Crawl Stone Soup version 0.28-a0-843-gb979743d38 (webtiles) character file.

Game seed: 7000287596602335010

952 Nixze the Gusty (level 7, 0/40 HPs)
             Began as a Deep Elf Air Elementalist on Nov 12, 2021.
             Was a Follower of Vehumet.
             Shot with an arrow by a centaur (14 damage)
             ... on level 6 of the Dungeon.
             The game lasted 00:15:49 (6645 turns).

Nixze the Gusty (Deep Elf Air Elementalist)         Turns: 6645, Time: 00:15:50

Health: 0/40       AC:  6    Str:  5    XL:     7   Next: 90%
Magic:  14/17      EV: 12    Int: 22    God:    Vehumet [*.....]
Gold:   229        SH:  0    Dex: 15    Spells: 6/17 levels left

rFire   . . .      SeeInvis .   t - +2 spear (venom)
rCold   . . .      Faith    .   (no shield)
rNeg    . . .      Spirit   .   i - +3 leather armour
rPois   .          Reflect  .   (no helmet)
rElec   .          Harm     .   (no cloak)
rCorr   .          Rampage  .   (no gloves)
Will    .....                   (no boots)
Stlth   ++........              (no amulet)
HPRegen 0.13/turn               (no ring)
MPRegen 0.15/turn               (no ring)

@: swift, very quick
A: no striking features
a: Renounce Religion


You were on level 6 of the Dungeon.
You worshipped Vehumet.
Vehumet was aware of your devotion.
You visited 2 branches of the dungeon, and saw 7 of its levels.

You collected 229 gold pieces.

Inventory:

Hand Weapons
 f - a +1 dagger of electrocution
 q - a +1 spectral club
 t - a +2 spear of venom (weapon)
Missiles
 l - 7 poisoned darts
 y - a throwing net
Armour
 i - a +3 leather armour (worn)
Magical Staves
 e - a staff of death
Jewellery
 v - a ring of willpower
Wands
 m - a wand of paralysis (9)
 o - a wand of flame (21)
Scrolls
 a - 3 scrolls of vulnerability {unknown}
 b - 3 scrolls of identify {unknown}
 d - a scroll of blinking {unknown}
 g - 2 scrolls of enchant weapon {unknown}
 h - 2 scrolls of amnesia {unknown}
 j - a scroll of silence {unknown}
 n - 3 scrolls of magic mapping {unknown}
 u - a scroll of summoning {unknown}
 w - 2 scrolls of teleportation {unknown}
 A - a scroll of holy word {unknown}
 B - a scroll of noise {unknown}
Potions
 c - a potion of curing
 k - 3 potions of haste {unknown}
 p - a potion of magic {unknown}
 r - a potion of berserk rage {unknown}
 s - a potion of might {unknown}
 x - a potion of attraction {unknown}
 z - 2 potions of heal wounds {unknown}


   Skills:
 * Level 2.9 Fighting
 + Level 3.8 Dodging
 - Level 4.0 Stealth
 * Level 5.6 Spellcasting
 + Level 2.9 Conjurations
 + Level 6.5 Air Magic


You had 6 spell levels left.
You knew the following spells:

 Your Spells              Type           Power      Damage    Failure   Level
a - Shock                 Conj/Air       100%       1d9       2%          1
b - Static Discharge      Conj/Air       27%        N/A       3%          2
c - Swiftness             Air            35%        N/A       3%          3
d - Airstrike             Air            17%        N/A       11%         4
e - Magic Dart            Conj           76%        1d6       4%          1

Your spell library contained the following spells:

 Spells                   Type           Power      Damage    Failure   Level
 Corpse Rot               Necr/Air       40%        N/A       6%          2
 Poisonous Vapours        Pois/Air       40%        N/A       6%          2
 Sandblast                Erth           12%        2d6       16%         1
 Passwall                 Tmut/Erth      5%         N/A       24%         2
 Stone Arrow              Conj/Erth      24%        3d8       26%         3
 Lightning Bolt           Conj/Air       13%        1d27      52%         5
 Maxwell's Capacitive Co  Air            17%        ∞         100%        8


Dungeon Overview and Level Annotations

Branches:
Dungeon (6/15)             Temple (1/1) D:4

Altars:
Ashenzari
Dithmenos
Elyvilon
Fedhas
Gozag
Hepliaklqana
Kikubaaqudgha
Okawaru
Qazlal
Ru
Trog
Uskayaw
Vehumet
Wu Jian
Xom
Yredelemnul
Zin

Shops:
D:1 :

Annotations:
D:3 3 runed translucent doors, bgiannan's ghost, amateur GrFi
D:5 2 transporters, paps's ghost, weakling OpDe


Message History

Aim: a centaur, wielding a +0 vorpal shortbow and quivering arrows (moderately wounded, 84% to hit)
The zap hits the bush!
The bush is lightly damaged.
The zap hits the centaur.
The centaur is moderately wounded.
The centaur shoots an arrow.
The arrow hits you!
Casting: Shock (safe; 2% risk of failure)
Confirm with . or Enter, or press ? or * to list all spells.
The spell is quite dangerous to cast (11% risk of failure)!
Continue anyway?
Aiming: Airstrike (quite dangerous; 11% risk of failure)
Press: ? - help, Dir - move target, f/p - centaur
Aim: a centaur, wielding a +0 vorpal shortbow and quivering arrows (moderately wounded, empty space bonus: 0/8)
Okay, then.
Unknown command.
Unknown command.
Something hits the bush but does no damage.
Something kicks the bush but does no damage.
Something hits the bush.
Something kicks the bush but does no damage.
You start resting.
Magic restored.
You start resting.
HP restored.
Found a blossoming altar of Fedhas.
A centaur is nearby!
The centaur shouts!
The centaur wields a +0 vorpal shortbow.
The centaur shoots an arrow.
The arrow hits you.
The centaur shoots an arrow.
The arrow hits you!
Found an escape hatch in the ceiling.
The centaur shoots an arrow.
The arrow hits you.
Unknown command.
Unknown command.
Unknown command.
Casting: Airstrike (quite dangerous; 11% risk of failure)
Confirm with . or Enter, or press ? or * to list all spells.
You feel quick.
The centaur shoots an arrow.
The arrow barely misses you.
The centaur shoots an arrow.
The arrow hits you.
The centaur shoots an arrow.
The arrow hits you!
You die...

P.P....' PP....# .....#
#c...# #.###....#
#........# #....#
#############....######
.....<.@....c.........#
#####################.#
#.# #.# #.# #.## #...
#.## ###


You could see a centaur.

Vanquished Creatures
  A water moccasin (D:5)
  A sky beast (D:4)
  A necrophage (D:4)
  A phantom (D:4)
  Blork the orc (D:5)
  2 scorpions
  A bullfrog zombie (D:5)
  2 jellies
  A hound (D:5)
  A bullfrog skeleton (D:5)
  A centaur skeleton (D:5)
  Jessica (D:3)
  A scorpion zombie (D:5)
  A howler monkey zombie (D:5)
  4 gnolls
  4 adders
  An ufetubus (D:4)
  An adder skeleton (D:4)
  3 worms
  4 dart slugs
  13 orcs
  4 ball pythons
  5 endoplasms
  A giant cockroach (D:4)
  8 goblins
  4 hobgoblins
  4 jackals
  4 kobolds
  2 quokkas
  5 bats
  5 rats
88 creatures vanquished.

Vanquished Creatures (others)
  8 plants (D:4)
8 creatures vanquished.

Grand Total: 96 creatures vanquished

Notes
Turn   | Place    | Note
-------+----------+-------------------------------------------
     0 | D:1      | Nixze the Deep Elf Air Elementalist began the quest for the
                  | Orb.
     0 | D:1      | Reached XP level 1. HP: 10/10 MP: 6/6
   296 | D:1      | Reached XP level 2. HP: 15/15 MP: 4/8
   607 | D:1      | Found Maheavu's Book Boutique.
   985 | D:2      | Reached skill level 4 in Air Magic
  1123 | D:2      | Reached XP level 3. HP: 19/19 MP: 0/9
  1765 | D:2      | Found a faded altar of an unknown god.
  1813 | D:3      | Noticed a scorpion
  1860 | D:3      | Noticed Jessica
  2001 | D:3      | Killed a scorpion
  2002 | D:3      | Reached skill level 5 in Air Magic
  2002 | D:3      | Reached XP level 4. HP: 15/24 MP: 5/10
  2163 | D:3      | Found a runed translucent gate.
  2164 | D:3      | Found a runed translucent gate.
  2367 | D:3      | Learned a level 2 spell: Static Discharge
  2385 | D:3      | Found an ancient bone altar of Kikubaaqudgha.
  2514 | D:3      | Found a runed translucent gate.
  2633 | D:3      | Noticed bgiannan's ghost (amateur GrFi)
  2904 | D:3      | Killed Jessica
  2905 | D:3      | Reached XP level 5. HP: 28/28 MP: 8/11
  2917 | D:4      | Found a shimmering altar of Xom.
  2933 | D:3      | Reached skill level 6 in Air Magic
  3595 | D:4      | Noticed a sky beast
  3602 | D:4      | Learned a level 3 spell: Swiftness
  3607 | D:4      | Learned a level 4 spell: Airstrike
  3855 | D:4      | Found a staircase to the Ecumenical Temple.
  3894 | Temple   | Entered the Ecumenical Temple
  3968 | Temple   | Became a worshipper of Vehumet
  4100 | D:4      | Reached skill level 1 in Fighting
  4209 | D:4      | Found a stormy altar of Qazlal.
  4335 | D:4      | Noticed a necrophage
  4346 | D:4      | Killed a necrophage
  4347 | D:4      | Reached XP level 6. HP: 22/34 MP: 5/13
  4403 | D:4      | Killed a sky beast
  4913 | D:4      | Reached XP level 7. HP: 35/39 MP: 7/15
  5163 | D:5      | Entered Level 5 of the Dungeon
  5344 | D:5      | Reached skill level 5 in Spellcasting
  5641 | D:5      | Reached * piety under Vehumet
  5641 | D:5      | Offered knowledge of Magic Dart by Vehumet.
  5700 | D:5      | Found a transporter.
  5703 | D:5      | Learned a level 1 spell: Magic Dart
  5807 | D:5      | Noticed paps's ghost (weakling OpDe)
  5833 | D:5      | Found a transporter.
  6088 | D:5      | Found a hazy altar of Hepliaklqana.
  6088 | D:5      | Noticed Blork the orc
  6093 | D:5      | Killed Blork the orc
  6181 | D:5      | Found a faded altar of an unknown god.
  6636 | D:6      | Found a blossoming altar of Fedhas.
  6645 | D:6      | Shot with an arrow by a centaur

Illustrated notes

Levels and vault maps discovered:
D:1:      matt_arrival_debris, layout_basic, serial_shops, nicolae_shop_stone,
          minmay_misc_feat_ornament, minmay_quantized
D:2:      layout_basic, hellmonk_ecumenical_altar_leap_of_faith
D:3:      layout_basic, nicolae_kikubaaqudgha_miasma_corner,
          gammafunk_ghost_necromancy, uniq_jessica
D:4:      layout_basic, nicolae_qazlal_general_emergency,
          mainiacjoe_overflow_concentric_impassable, minmay_temple_entry_waves,
          serial_bayou_pond_a
D:5:      layout_loops_ring, beargit_hepliaklqana_dungeon_heroes,
          gammafunk_ghost_hive
D:6:      layout_basic, fedhas_bush_and_centaur_altar,
          makhleb_blood_cavern_becter, serial_shops, shop, serial_park_tiny_2,
          uniq_blork_the_orc, uniq_prince_ribbit1
Temple:   nicolae_temple_x_marks_the_god

Skill      XL: |  1  2  3  4  5  6  7 |
---------------+----------------------+-----
Air Magic      | 4 5 6 |  6.5
Fighting       | 1 2 |  2.9
Dodging        | 3 |  3.8
Stealth        | 3 4 |  4.0
Spellcasting   | 4 5 |  5.6
Conjurations   | 2 |  2.9

Action                   |  1- 3 |  4- 6 |  7- 9 || total
-------------------------+-------+-------+-------++-------
Melee: Unarmed           |     1 |       |       ||     1
       Dagger            |     3 |       |       ||     3
       Spear             |       |     1 |       ||     1
 Cast: Shock             |    78 |    97 |    46 ||   221
       Static Discharge  |       |    14 |    12 ||    26
       Airstrike         |       |     3 |     2 ||     5
       Swiftness         |       |       |     1 ||     1
  Use: Potion            |     1 |       |       ||     1
Armor: Robe              |     1 |       |       ||     1
       Leather armour    |     6 |     8 |     2 ||    16
Dodge: Dodged            |    11 |    19 |     5 ||    35

Table legend: (Time is in decaauts)
 A = Elapsed time spent in this place.
 B = Non-inter-level travel time spent in this place.
 C = Inter-level travel time spent in this place.
 D = Time resting spent in this place.
 E = Time spent auto-exploring this place.
 F = Levels seen in this place.
 G = Mean time per level.
                   A        B        C        D        E       F      G
               +--------+--------+--------+--------+--------+-----+--------+
         Total |   6647 |   6301 |    346 |    991 |   4660 |   7 |  949.6 |
       Dungeon |   6568 |   6234 |    334 |    991 |   4600 |   6 | 1094.7 |
        Temple |     78 |     66 |     12 |      0 |     60 |   1 |   78.0 |
               +--------+--------+--------+--------+--------+-----+--------+

Top non-repeatable levels by time:
     D:3: 1674 daAuts
     D:4: 1600 daAuts
     D:5: 1145 daAuts
     D:2: 1004 daAuts
     D:1: 808 daAuts
     D:6: 335 daAuts
  Temple: 78 daAuts
